 Dungeon Crawl Stone Soup version 0.23.0-2-g0fe3ce5 (webtiles) character file.

Game seed: 7907078764349819421

577049 Torikoriko the Sorcerer (level 27, -3/179 HPs)
             Began as a Gargoyle Earth Elementalist on Feb 17, 2019.
             Was the Champion of Vehumet.
             Slain by a reaper
             ... wielding a +0 scythe of protection
             ... summoned by a greater mummy's death curse
              (17 damage)
             ... on level 1 of the Tomb of the Ancients on Feb 19, 2019.
             The game lasted 07:13:26 (89700 turns).

Torikoriko the Sorcerer (GrEE)                     Turns: 89700, Time: 07:13:27

Health: -3/179     AC: 27    Str: 22    XL:     27
Magic:  4/50       EV: 19    Int: 38    God:    Vehumet [******]
Gold:   2385       SH:  0    Dex: 12    Spells: 8/73 levels left

rFire    + . .     SeeInvis +   b - +8 war axe of the Extremely Mad {venom, rC+ MR+ Dex+2 Stlth-}
rCold    + + .     Gourm    .   (no shield)
rNeg     + + .     Faith    .   G - +0 robe of the Komodo Dragon {MR+ Int+4 Stlth+}
rPois    ∞         Spirit   .   p - +0 hat "Hiddeocw" {rElec rCorr SInv}
rElec    +         Reflect  .   H - +1 cloak "Okhluhec" {*Slow rN+ Int+4}
rCorr    +         Harm     .   Q - +1 pair of gloves {Str+3}
MR       +++++                  N - +0 pair of boots of Sorcery {rPois rF+}
Stlth    ++........             Z - amulet of magic regeneration
HPRegen  1.39/turn              z - ring of the Mage {Wiz MR++ Int+3}
MPRegen  0.57/turn              K - ring of protection from cold

@: mighty, flying, regenerating, deflect missiles
A: big wings, negative energy resistance 1, electricity resistance, unbreathing,
petrification resistance, rot immunity, subdued magic 2, AC +20
}: 3/15 runes: decaying, serpentine, silver
a: Stop Flying, Renounce Religion


You were on level 1 of the Tomb of the Ancients.
You worshipped Vehumet.
Vehumet was exalted by your worship.
You were hungry.

You visited 9 branches of the dungeon, and saw 45 of its levels.
You also visited: Ossuary.

You collected 6164 gold pieces.
You spent 3779 gold pieces at shops.

Inventory:

Hand Weapons
 b - the +8 war axe of the Extremely Mad (weapon) {venom, rC+ MR+ Dex+2 Stlth-}
   (You found it on level 14 of the Dungeon)

   It poisons the flesh of those it strikes.
   It affects your dexterity (+2).
   It protects you from cold.
   It affects your resistance to hostile enchantments.
   It makes you less stealthy.
Missiles
 l - 4 throwing nets (quivered) {!f}
Armour
 p - the +0 hat "Hiddeocw" (worn) {rElec rCorr SInv}
   (You found it on level 12 of the Dungeon)

   It insulates you from electricity.
   It lets you see invisible.
   It provides partial protection from all sources of acid and corrosion.
 G - the +0 robe of the Komodo Dragon (worn) {MR+ Int+4 Stlth+}
   (You found it on level 6 of the Lair of Beasts)

   It affects your intelligence (+4).
   It affects your resistance to hostile enchantments.
   It makes you more stealthy.
 H - the +1 cloak "Okhluhec" (worn) {*Slow rN+ Int+4}
   (You found it on level 8 of the Dungeon)

   It affects your intelligence (+4).
   It protects you from negative energy.
   It may slow you when you take damage.
 N - the +0 pair of boots of Sorcery (worn) {rPois rF+}
   (You acquired it on level 2 of the Crypt)

   It protects you from fire.
   It protects you from poison.
 O - a +0 shield
 Q - a +1 pair of gloves of strength (worn)
Magical Staves
 a - an uncursed staff of energy
Jewellery
 z - the ring of the Mage (left hand) {Wiz MR++ Int+3}
   (You bought it in a shop on level 3 of the Snake Pit)

   [ring of wizardry]

   It improves your spell success rate.
   It affects your intelligence (+3).
   It affects your resistance to hostile enchantments.
 A - the ring "Xuskava" {+Fly rF+ rN+ Dex+4}
   (You found it on level 3 of the Crypt)

   [ring of positive energy]

   It affects your dexterity (+4).
   It protects you from fire.
   It protects you from negative energy.
   It lets you fly.
 K - a ring of protection from cold (right hand)
 P - the ring of Zariexah {Fire Str+4 Int+2 Slay-5}
   (You took it off a green draconian on level 5 of the Depths)

   [ring of fire]

   It enhances your fire magic.
   It affects your strength (+4).
   It affects your intelligence (+2).
   It affects your accuracy and damage with ranged weapons and melee attacks
   (-5).
   It protects you from fire.
   It makes you vulnerable to cold.
 Z - an amulet of magic regeneration (around neck)
Wands
 x - a wand of acid (12)
 Y - a wand of digging (1)
Scrolls
 c - 6 scrolls of fear
 k - 6 scrolls of amnesia
 r - 16 scrolls of identify
 t - 5 scrolls of immolation
 y - 21 scrolls of teleportation
 E - a scroll of torment
 J - 5 scrolls of holy word
 L - 6 scrolls of remove curse
 M - 3 scrolls of fog
 S - 6 scrolls of magic mapping
 T - 3 scrolls of enchant armour
 W - a scroll of silence
Potions
 f - a potion of haste
 h - 3 potions of magic
 i - 6 potions of might
 m - 5 potions of resistance
 n - 5 potions of agility
 o - 14 potions of curing
 s - 8 potions of cancellation
 u - a potion of berserk rage
 v - 4 potions of invisibility
 D - 6 potions of mutation
 I - a potion of ambrosia
 X - 8 potions of brilliance
Miscellaneous
 j - a phial of floods
 q - a fan of gales
 F - a phantom mirror
Comestibles
 d - 59 rations


   Skills:
 - Level 20.0 Fighting
 - Level 12.0 Dodging
 - Level 2.1 Stealth
 + Level 5.5 Shields
 + Level 23.7 Spellcasting
 - Level 7.0 Conjurations
 - Level 4.0 Hexes
 - Level 4.0 Charms
 - Level 0.7 Transmutations
 + Level 17.6 Fire Magic
 - Level 6.3 Ice Magic
 - Level 3.0 Air Magic
 - Level 21.2 Earth Magic
 - Level 7.1 Poison Magic
 - Level 10.0 Evocations


You had 8 spell levels left.
You knew the following spells:

 Your Spells              Type           Power        Failure   Level  Hunger
a - Fireball              Conj/Fire      ######....   0%          5    None
b - Passwall              Tmut/Erth      ######..     0%          2    None
c - Borgnjor's Vile Clut  Necr/Erth      ######....   1%          5    None
d - Lee's Rapid Deconstr  Erth           #######...   0%          5    None
e - Deflect Missiles      Chrm/Air       #####.....   5%          6    None
f - Freezing Cloud        Conj/Ice/Air   ######....   1%          6    None
g - Apportation           Tloc           ####..       1%          1    None
i - Ignition              Fire           #######...   1%          8    None
j - Cause Fear            Hex            #####.....   1%          4    None
r - Regeneration          Chrm/Necr      #####.....   1%          3    None
s - Lehudib's Crystal Sp  Conj/Erth      #######...   1%          8    None
t - Shatter               Erth           #######...   1%          9    ###....
x - Mephitic Cloud        Conj/Pois/Air  ######..     1%          3    None

Your spell library contained the following spells:

 Spells                   Type           Power        Failure   Level  Hunger
 Fire Storm               Conj/Fire      ######....   26%         9    ###....
 Confusing Touch          Hex            #####.       0%          1    None
 Corona                   Hex            #####..      0%          1    None
 Freeze                   Ice            ####         0%          1    None
 Infusion                 Chrm           ####         0%          1    None
 Magic Dart               Conj           ####         0%          1    None
 Sandblast                Erth           ######       0%          1    None
 Shock                    Conj/Air       ####         0%          1    None
 Sting                    Conj/Pois      ####         0%          1    None
 Ensorcelled Hibernation  Hex/Ice        ######       0%          2    None
 Poisonous Vapours        Pois/Air       ######       0%          2    None
 Searing Ray              Conj           ######       0%          2    None
 Throw Flame              Conj/Fire      ######       0%          2    None
 Throw Frost              Conj/Ice       ######       0%          2    None
 Ignite Poison            Fire/Tmut/Pois ######..     0%          3    None
 Inner Flame              Hex/Fire       ######..     0%          3    None
 Stone Arrow              Conj/Erth      ######       0%          3    None
 Leda's Liquefaction      Hex/Erth       ######....   0%          4    None
 Petrify                  Tmut/Erth      ######..     0%          4    None
 Bolt of Magma            Conj/Fire/Erth #######...   0%          5    None
 Animate Skeleton         Necr           N/A          1%          1    None
 Beastly Appendage        Tmut           ####..       1%          1    None
 Summon Butterflies       Summ           ####....     1%          1    None
 Summon Small Mammal      Summ           ####         1%          1    None
 Call Imp                 Summ           ####....     1%          2    None
 Corpse Rot               Necr           N/A          1%          2    None
 Shroud of Golubria       Chrm/Tloc      #####.....   1%          2    None
 Slow                     Hex            #####...     1%          2    None
 Song of Slaying          Chrm           #####...     1%          2    None
 Sticks to Snakes         Tmut           ####....     1%          2    None
 Swiftness                Chrm/Air       #####...     1%          2    None
 Call Canine Familiar     Summ           ####....     1%          3    None
 Dazzling Spray           Conj/Hex       ######       1%          3    None
 Lesser Beckoning         Tloc           ####......   1%          3    None
 Ozocubu's Armour         Chrm/Ice       ######..     1%          3    None
 Portal Projectile        Hex/Tloc       #####.       1%          3    None
 Spectral Weapon          Hex/Chrm       #####...     1%          3    None
 Spider Form              Tmut/Pois      #####.....   1%          3    None
 Static Discharge         Conj/Air       ######..     1%          3    None
 Summon Guardian Golem    Hex/Summ       #####...     1%          3    None
 Tukima's Dance           Hex            #####...     1%          3    None
 Airstrike                Air            #####.....   1%          4    None
 Force Lance              Conj/Tloc      #####...     1%          4    None
 Fulminant Prism          Conj/Hex       ######....   1%          4    None
 Ice Form                 Ice/Tmut       #####...     1%          4    None
 Iskenderun's Mystic Bla  Conj           ######..     1%          4    None
 Olgreb's Toxic Radiance  Pois           ######..     1%          4    None
 Summon Ice Beast         Ice/Summ       #####...     1%          4    None
 Summon Lightning Spire   Summ/Air       #####...     1%          4    None
 Throw Icicle             Conj/Ice       ######..     1%          4    None
 Alistair's Intoxication  Tmut/Pois      #####...     1%          5    None
 Irradiate                Conj/Tmut      #####.....   1%          5    None
 Iskenderun's Battlesphe  Conj/Chrm      ######..     1%          5    None
 Lightning Bolt           Conj/Air       ######....   1%          5    None
 Silence                  Hex/Air        #####.....   1%          5    None
 Venom Bolt               Conj/Pois      ######....   1%          5    None
 Yara's Violent Unravell  Hex/Tmut       #####.....   1%          5    None
 Bolt of Fire             Conj/Fire      ######....   1%          6    None
 Conjure Ball Lightning   Conj/Air       ######....   1%          6    None
 Iron Shot                Conj/Erth      #######...   1%          6    None
 Ring of Flames           Chrm/Fire      ######....   1%          7    None
 Blade Hands              Tmut           ####......   2%          5    None
 Orb of Destruction       Conj           ######....   2%          7    None
 Summon Forest            Summ/Tloc      ####......   4%          5    None
 Darkness                 Hex            #####.....   4%          6    None
 Invisibility             Hex            #####...     4%          6    None
 Spellforged Servitor     Conj/Summ      #####.....   9%          7    None
 Hydra Form               Tmut           ####......   17%         6    None
 Shadow Creatures         Summ           N/A          22%         6    None
 Dragon Form              Tmut           ####......   69%         7    None
 Summon Hydra             Summ           ####......   77%         7    None
 Discord                  Hex            #####.....   88%         8    None
 Tornado                  Air            #####.....   100%        9    ###....
 Sublimation of Blood     Necr           Unusable     N/A         2    N/A
 Statue Form              Tmut/Erth      Unusable     N/A         6    N/A

Dungeon Overview and Level Annotations

Branches:
Dungeon (15/15)            Temple (0/1) D:4            Lair (6/6) D:8
  Swamp (4/4) Lair:3        Snake (4/4) Lair:3        Slime (0/5) Lair:5
    Orc (2/2) D:9             Elf (0/3) Orc:2        Vaults (5/5) D:13
  Crypt (3/3) Vaults:2       Tomb (1/3) Crypt:3      Depths (5/5) D:15
    Zot (0/5) Depths:5

Altars:
Cheibriados
Elyvilon
Fedhas
Gozag
Kikubaaqudgha
Nemelex Xobeh
Okawaru
Ru
Sif Muna
Uskayaw
Vehumet
Wu Jian
Xom
Yredelemnul
Zin
Beogh

Shops:
D:6 !   D:10 %   D:14 (   D:15 [=?   Orc:2 :%!(   Snake:3 :=[(   Vaults:1 }*?%
Vaults:2 }   Vaults:3 (

Portals:
Hell: Depths:1 Depths:2 Depths:3 Depths:4 Depths:5
Abyss: Depths:1 Depths:2 Depths:4
Pandemonium: Depths:1 Depths:3
Ziggurat: Depths:2

Annotations:
D:7 exclusion: downstairs
D:15 2 runed translucent doors
Lair:4 exclusion: downstairs
Snake:2 2 transporters, Romunoh's ghost, adept SpAs
Snake:3 exclusion: downstairs
Depths:2 exclusion: downstairs
Depths:4 1 runed translucent door


Innate Abilities, Weirdness & Mutations

You are resistant to torment.
Your stone body is resilient. (AC +20)
You are immune to poison.
Your large and strong wings let you fly indefinitely.
You resist negative energy. (rN+)
You are resistant to electric shocks. (rElec)
You can survive without breathing.
You are immune to petrification.
You are immune to rotting.
Your spells are easier to cast, but less powerful.


Message History

Casting: Lehudib's Crystal Spear (safe; 1% risk of failure)
Confirm with . or Enter, or press ? or * to list all spells.
Aiming: Lehudib's Crystal Spear (safe; 1% risk of failure)
Press: ? - help, Shift-Dir - straight line, f/p - reaper
Aim: a reaper, wielding a +0 scythe of protection (summoned)
The crystal spear misses the reaper.
Items here: " ) [[ a +0 robe; an uncursed amulet of guardian spirit; a +0 glaive; a +0 chain mail You feel very mighty all of a sudden.
Casting: Lehudib's Crystal Spear (safe; 1% risk of failure)
Confirm with . or Enter, or press ? or * to list all spells.
Your skin crawls.
The reaper hits you with a +0 scythe of protection!
* * * LOW HITPOINT WARNING * * *
The +8 war axe of the Extremely Mad {venom, rC+ MR+ Dex+2 Stlth-} begins to drip with poison!
b - the +8 war axe of the Extremely Mad (weapon)
{venom, rC+ MR+ Dex+2 Stlth-} You slice the reaper!!
The reaper is moderately wounded.
The reaper hits you with a +0 scythe of protection!
You die...

### ## ##.### #.# # ##.#..### #.#
.# ##.####..####.# #.###.##
###2.#@# #.#M## ###2## #(## ###
####.############################
.................................
....M............................
.................................
.b.............W.................
..s..............................


You could see a reaper.

Vanquished Creatures
  Mennas (Vaults:4)
  Mara (Vaults:5)
  2 ancient liches (Vaults:5)
  2 greater mummies (Tomb:1)
  the Lernaean hydra (Swamp:4)
  Vashnia (Snake:3)
  Xtahua (Vaults:4)
  6 caustic shrikes
  4 golden dragons
  2 bone dragons
  7 tentacled monstrosities
  8 liches
  Jorgrun (Swamp:2)
  Rupert (Lair:4)
  A shard shrike skeleton (Crypt:3)
  3 titans (Vaults:5)
  10 ancient champions
  Agnes (D:15)
  3 shadow dragons
  6 tengu reavers
  13 sphinxes
  4 storm dragons
  A thorn hunter (Swamp:2)
  4 revenants
  6 nagarajas (Snake:4)
  10 fire giants
  13 frost giants
  A draconian knight (Depths:5)
  2 iron dragons
  Louise (Depths:1)
  A juggernaut zombie (Depths:1)
  A draconian shifter (Depths:5)
  An orc warlord (Orc:2)
  2 deep elf sorcerers (Vaults:5)
  12 vault wardens
  3 deep elf elementalists
  45 very ugly things
  2 curse skulls
  8 ironheart preservers
  2 spriggan defenders (Depths:3)
  5 ghouls
  27 stone giants
  An entropy weaver (Vaults:4)
  3 war gargoyles (Vaults:5)
  5 vampire knights
  A reaper (Crypt:3)
  A green draconian (Depths:5)
  A deep elf demonologist (Vaults:5)
  An entropy weaver (shapeshifter) (Depths:2)
  A black draconian (Depths:5)
  4 bennus (Tomb:1)
  A white draconian (Depths:5)
  6 spark wasps
  A lorocyproca (Depths:1)
  A purple draconian (Depths:5)
  A minotaur (shapeshifter) (Vaults:5)
  7 deep elf death magi
  The ghost of lapinsky the Cleaver, a journeyman HOFi of Xom (Lair:1)
  17 ettins
  5 eidola
  5 mummy priests
  9 jiangshi
  12 fire dragons
  3 deep elf high priests
  11 great orbs of eyes
  A quicksilver dragon skeleton (Crypt:1)
  16 yaktaur captains
  12 ice dragons
  18 ogre magi
  11 naga warriors
  3 ghost crabs
  A hell beast (Depths:5)
  23 hydras
  5 rakshasas
  33 vault guards
  4 spriggan air magi
  11 anacondas
  A catoblepas (D:10)
  40 two-headed ogres
  3 death yaks (Lair:6)
  23 alligators
  7 death knights
  12 death scarabs (Tomb:1)
  2 shambling mangroves
  2 tengu warriors (Depths:3)
  10 centaur warriors
  7 vampire magi
  3 deep troll shamans
  Urug (Orc:1)
  6 deep troll earth magi
  16 naga sharpshooters
  A hell knight (Depths:5)
  8 orc high priests (Orc:2)
  A soul eater (Crypt:1)
  9 spriggan berserkers
  Sonja (Lair:6)
  8 shock serpents
  3 deep elf knights
  2 sun demons (Depths:3)
  A salamander mystic (Snake:4)
  5 shadow wraiths
  An iron troll (Depths:2)
  2 titan skeletons
  11 unseen horrors
  A glowing orange brain (Depths:3)
  32 skeletal warriors
  20 deep trolls
  A ghost moth zombie (Crypt:3)
  A sixfirhy (Depths:1)
  An unseen horror (shapeshifter) (D:15)
  7 flayed ghosts
  8 naga ritualists
  13 wizards
  2 spriggan druids
  An orange crystal statue (D:15)
  12 swamp dragons
  An infernal demonspawn (Depths:3)
  3 deep elf archers
  A golden dragon skeleton (Tomb:1)
  22 orc knights
  15 ironbrand convokers
  A lindwurm (shapeshifter) (Vaults:1)
  A harpy (shapeshifter) (Depths:5)
  4 harpies
  A wolf spider zombie (D:14)
  2 orc sorcerers (Orc:2)
  10 phantasmal warriors
  6 necromancers
  30 ugly things
  6 wolf spiders
  A frost giant zombie (Crypt:3)
  14 mana vipers
  A stone giant zombie (Crypt:1)
  4 deep elf magi
  A shadow dragon skeleton (Tomb:1)
  A manticore (shapeshifter) (Vaults:5)
  11 salamanders
  2 fire giant zombies
  5 manticores
  7 cyclopes
  A tengu skeleton (Vaults:5)
  A stone giant skeleton (D:15)
  An elf zombie (Depths:1)
  An elephant (shapeshifter) (Vaults:2)
  A rust devil (Depths:1)
  A water nymph (shapeshifter) (Depths:1)
  Maurice (D:11)
  11 elephants (Lair:4)
  A frost giant skeleton (Vaults:5)
  A spectral iron troll (Crypt:2)
  39 black mambas
  3 torpor snails (Lair:4)
  A guardian serpent (Snake:1)
  19 vault sentinels
  3 fire giant skeletons
  2 smoke demons
  18 naga magi
  2 orange demons (D:14)
  Psyche (D:9)
  22 spiny frogs
  A gargoyle (D:14)
  4 rime drakes
  A hellion (Depths:3)
  14 freezing wraiths
  A kobold demonologist (D:12)
  35 yaktaurs
  An emperor scorpion zombie (Crypt:3)
  An anaconda simulacrum (Crypt:3)
  A hellwing (Depths:2)
  9 guardian mummies
  2 hydra zombies
  2 yaktaur skeletons (D:15)
  11 komodo dragons
  2 tengu conjurers
  A meliai (shapeshifter) (Vaults:3)
  10 trolls
  A sea snake skeleton (Crypt:1)
  7 polar bears
  6 meliai
  A queen bee (shapeshifter) (Vaults:3)
  3 large abominations (Depths:4)
  A wind drake (shapeshifter) (Vaults:1)
  6 tyrant leeches
  3 spectral deep trolls (Crypt:2)
  24 hornets
  A harpy skeleton (Crypt:3)
  7 bog bodies
  An iron dragon simulacrum (Crypt:3)
  A raiju (shapeshifter) (Vaults:5)
  19 dream sheep
  Grinder (D:5)
  36 slime creatures
  11 hippogriffs
  A fire giant simulacrum (Depths:1)
  An ettin zombie (Depths:2)
  A tarantella zombie (Crypt:2)
  19 blink frogs
  2 centaur simulacra (D:12)
  A black mamba zombie (Crypt:3)
  3 water elementals
  A spriggan skeleton (Depths:2)
  5 flying skulls (Crypt:1)
  9 shadows
  8 redbacks (D:13)
  33 spriggans
  A satyr skeleton (Crypt:3)
  A dire elephant simulacrum (Crypt:3)
  7 ushabtiu
  A hog (Depths:1)
  13 wraiths
  A golden eye (shapeshifter) (Depths:2)
  6 humans (D:13)
  A basilisk (shapeshifter) (Vaults:3)
  46 yaks
  2 hungry ghosts
  5 basilisks
  2 steam dragons
  4 small abominations (Depths:4)
  5 chaos spawn
  16 vampire mosquitoes
  19 swamp worms
  17 insubstantial wisps
  59 nagas
  A gelid demonspawn zombie (Crypt:2)
  18 wargs
  A torturous demonspawn zombie (Crypt:1)
  A two-headed ogre skeleton (Crypt:2)
  15 water moccasins
  A floating eye (shapeshifter) (Depths:4)
  2 floating eyes
  8 hell hounds (Depths:5)
  13 porcupines
  A deep troll skeleton (Crypt:2)
  2 snapping turtle zombies
  A black bear (shapeshifter) (Depths:3)
  34 orc warriors
  15 swamp drakes
  11 ice beasts
  An ice dragon simulacrum (Crypt:3)
  5 black bears
  2 phantoms
  3 sky beasts
  An ogre (shapeshifter) (Vaults:5)
  48 ogres
  34 wolves
  4 boggarts (Lair:6)
  A human skeleton (Vaults:5)
  A wolf (shapeshifter) (Depths:2)
  33 centaurs
  A swamp dragon skeleton (Tomb:1)
  A crocodile (shapeshifter) (Vaults:4)
  6 big kobolds
  14 crocodiles
  18 bullfrogs
  3 wyvern zombies
  A draconian skeleton (Crypt:3)
  A hornet simulacrum (D:13)
  9 scorpions
  A polar bear zombie (Crypt:1)
  10 killer bees
  8 wights
  6 electric eels
  A vampire bat (Depths:1)
  6 howler monkeys
  8 crimson imps
  5 centaur zombies
  5 bullfrog zombies
  14 jellies
  2 quasits
  A basilisk zombie (Crypt:1)
  3 centaur skeletons
  8 hounds
  20 orc wizards
  Crazy Yiuf (D:7)
  38 orc priests
  An iron imp (Depths:4)
  Terence (D:3)
  2 bullfrog skeletons
  8 iguanas
  20 mummies
  A demonspawn skeleton (Crypt:1)
  A porcupine zombie (Crypt:2)
  A killer bee zombie (Ossuary)
  4 worker ants
  A porcupine skeleton (Crypt:1)
  A felid skeleton (Crypt:3)
  3 hound zombies (Ossuary)
  A hound skeleton (Crypt:3)
  A worker ant zombie (Ossuary)
  A howler monkey zombie (D:6)
  An adder (shapeshifter) (Vaults:2)
  4 gnolls (D:2)
  7 adders
  6 shadow imps
  6 white imps
  2 ufetubi (D:12)
  2 oozes
  An adder skeleton (D:6)
  3 adder zombies
  A lava snake skeleton (Crypt:2)
  3 dart slugs
  2 leopard geckos (D:1)
  117 orcs
  7 bats
  4 giant cockroaches
  17 goblins
  14 hobgoblins
  13 jackals
  34 kobolds
  5 quokkas
  4 ball pythons
  3 ball python skeletons
  5 frilled lizards
  A giant cockroach zombie (Ossuary)
  A goblin skeleton (Crypt:2)
  2 jackal zombies
  A leopard gecko skeleton (D:4)
  A leopard gecko zombie (Ossuary)
  A quokka skeleton (D:4)
  7 rats
  A plant (Lair:1)
  4 withered plants (D:15)
2317 creatures vanquished.

Vanquished Creatures (others)
  A human (D:13)
  6 fungi
  13 plants
  7 withered plants
27 creatures vanquished.

Grand Total: 2344 creatures vanquished

Notes
Turn   | Place    | Note
-------+----------+-------------------------------------------
     0 | D:1      | Torikoriko the Gargoyle Earth Elementalist began the quest
                  | for the Orb.
     0 | D:1      | Reached XP level 1. HP: 10/10 MP: 3/3
   229 | D:1      | Reached XP level 2. HP: 14/16 MP: 5/5
  1060 | D:1      | Reached XP level 3. HP: 20/20 MP: 4/6
  1086 | D:1      | Reached skill level 1 in Shields
  1301 | D:1      | Learned a level 2 spell: Passwall
  1305 | D:1      | Learned a level 3 spell: Stone Arrow
  1684 | D:2      | Reached XP level 4. HP: 24/24 MP: 1/7
  1835 | D:2      | Reached skill level 5 in Earth Magic
  2052 | D:2      | Found a white marble altar of Elyvilon.
  2053 | D:2      | Found an iron altar of Okawaru.
  2802 | D:3      | Reached XP level 5. HP: 20/28 MP: 9/9
  2980 | D:3      | Noticed Terence
  3027 | D:3      | Killed Terence
  3027 | D:3      | Reached skill level 3 in Spellcasting
  3250 | D:3      | Found a radiant altar of Vehumet.
  3288 | D:3      | Became a worshipper of Vehumet
  4067 | D:4      | Found a sacrificial altar of Ru.
  4131 | D:4      | Reached skill level 1 in Fighting
  4158 | D:4      | Reached XP level 6. HP: 34/34 MP: 7/10
  4280 | D:4      | Found a deep blue altar of Sif Muna.
  4282 | D:4      | Found a shimmering altar of Xom.
  4380 | D:4      | Found a staircase to the Ecumenical Temple.
  5074 | D:5      | Entered Level 5 of the Dungeon
  5086 | D:5      | Noticed an ice beast
  5107 | D:4      | Killed an ice beast
  5107 | D:4      | Reached XP level 7. HP: 29/40 MP: 0/12
  5266 | D:5      | Found a sand-covered staircase.
  5270 | Ossuary  | Entered an ossuary
  5308 | Ossuary  | Reached * piety under Vehumet
  5308 | Ossuary  | Offered knowledge of Freeze by Vehumet.
  5353 | Ossuary  | Reached skill level 4 in Spellcasting
  5837 | Ossuary  | Reached XP level 8. HP: 47/47 MP: 7/14
  6310 | D:5      | Learned a level 5 spell: Lee's Rapid Deconstruction
  6760 | D:5      | Found a sparkling altar of Nemelex Xobeh.
  6864 | D:5      | Noticed Grinder
  6883 | D:5      | Killed Grinder
  6883 | D:5      | Reached skill level 5 in Spellcasting
  7298 | D:5      | Reached skill level 5 in Fighting
  7451 | D:5      | Reached skill level 10 in Earth Magic
  7578 | D:6      | Reached XP level 9. HP: 54/54 MP: 7/17
  7750 | D:6      | You fall through a shaft for 2 floors!
  7754 | D:8      | Noticed a +0 dagger
  7754 | D:8      | Noticed a +0 hand axe
  7760 | D:8      | Found a hide-covered altar of Uskayaw.
  7813 | D:8      | Reached ** piety under Vehumet
  7819 | D:8      | Offered knowledge of Shock by Vehumet.
  8150 | D:6      | Reached skill level 6 in Spellcasting
  8236 | D:6      | Found a blossoming altar of Fedhas.
  8236 | D:6      | Found an opulent altar of Gozag.
  8253 | D:6      | Got a transparent scale mail
  8680 | D:6      | Found Luuriugh's Distillery.
  8852 | D:5      | Identified the +1 scale mail of Wu Jian's Vengeance
                  | {*Contam MR+ rCorr SInv} (You found it on level 6 of the
                  | Dungeon)
  9030 | D:6      | Learned a level 4 spell: Petrify
  9034 | D:6      | Learned a level 3 spell: Mephitic Cloud
  9039 | D:6      | Gained mutation: Your spells are a little easier to cast,
                  | but a little less powerful. [mutagenic glow]
  9300 | D:7      | Offered knowledge of Searing Ray by Vehumet.
  9426 | D:7      | Reached XP level 10. HP: 59/59 MP: 16/20
  9430 | D:7      | Reached skill level 7 in Spellcasting
  9574 | D:7      | Reached *** piety under Vehumet
  9681 | D:7      | Found a runed translucent door.
  9682 | D:7      | Noticed Crazy Yiuf
  9690 | D:7      | Killed Crazy Yiuf
  9944 | D:7      | Found an ornate altar of the Wu Jian Council.
 10116 | D:8      | Found a staircase to the Lair.
 10125 | D:7      | Reached skill level 1 in Poison Magic
 10422 | D:8      | Found a glowing silver altar of Zin.
 10431 | D:8      | Learned a level 4 spell: Olgreb's Toxic Radiance
 10841 | D:8      | Offered knowledge of Iskenderun's Mystic Blast by Vehumet.
 11267 | D:8      | Got a warped cloak
 11278 | D:8      | Identified the +1 cloak "Okhluhec" {*Slow rN+ Int+4} (You
                  | found it on level 8 of the Dungeon)
 11278 | D:8      | Found an ancient bone altar of Kikubaaqudgha.
 11395 | D:9      | Noticed Psyche
 11440 | D:9      | Killed Psyche
 11440 | D:9      | Reached skill level 5 in Poison Magic
 11680 | D:9      | Reached **** piety under Vehumet
 11709 | D:9      | Found a hide-covered altar of Uskayaw.
 11728 | D:9      | Reached skill level 8 in Spellcasting
 11745 | D:9      | Reached XP level 11. HP: 54/63 MP: 14/23
 11938 | D:9      | Offered knowledge of Lightning Bolt by Vehumet.
 12179 | D:9      | Found a staircase to the Orcish Mines.
 12432 | D:10     | Entered Level 10 of the Dungeon
 12566 | D:10     | Noticed a catoblepas
 12611 | D:10     | Killed a catoblepas
 12698 | D:10     | Noticed an eight-headed hydra
 12708 | D:10     | Killed an eight-headed hydra
 12779 | D:10     | Found Biv Juiman's Food Shop.
 12810 | D:10     | Noticed a two-headed ogre
 12814 | D:10     | Killed a two-headed ogre
 12814 | D:10     | Reached skill level 9 in Spellcasting
 13371 | D:11     | Noticed a purple ugly thing
 13377 | D:11     | Killed a purple ugly thing
 13548 | D:11     | Noticed Maurice
 13552 | D:11     | Killed Maurice
 14221 | D:11     | Reached ***** piety under Vehumet
 14227 | D:11     | Offered knowledge of Iron Shot by Vehumet.
 14250 | D:11     | Reached skill level 15 in Earth Magic
 14250 | D:11     | Reached XP level 12. HP: 64/68 MP: 23/25
 14310 | D:11     | Reached skill level 10 in Spellcasting
 14310 | D:11     | Reached skill level 1 in Conjurations
 14753 | D:8      | Learned a level 6 spell: Iron Shot
 14757 | Lair:1   | Entered Level 1 of the Lair of Beasts
 14811 | Lair:1   | Noticed lapinsky's ghost (journeyman HOFi)
 14812 | Lair:1   | Found a runed translucent gate.
 14812 | Lair:1   | Found a runed translucent gate.
 14813 | Lair:1   | Found a runed translucent gate.
 14827 | Lair:1   | Noticed a six-headed hydra
 14835 | Lair:1   | Killed a six-headed hydra
 14835 | Lair:1   | Reached skill level 1 in Evocations
 15908 | Lair:2   | Got a smoking hand axe
 15909 | Lair:2   | Identified a scroll of acquirement
 15917 | Lair:2   | Learned a level 1 spell: Apportation
 15917 | Lair:2   | Identified the cursed +1 hand axe of the Blessed Realm
                  | {freeze, rC+} (You found it on level 2 of the Lair of
                  | Beasts)
 15922 | Lair:2   | Got a pair of encrusted gloves
 15928 | Lair:2   | Identified the -4 pair of gloves of the Midnight Sun
                  | {*Contam rPois rF- rCorr} (You acquired it on level 2 of
                  | the Lair of Beasts)
 16073 | Lair:2   | Reached skill level 5 in Conjurations
 16492 | Lair:2   | Reached skill level 11 in Spellcasting
 17378 | Lair:3   | Found a staircase to the Snake Pit.
 17380 | Lair:3   | Got a jewelled chain mail
 17662 | Lair:3   | Found a staircase to the Swamp.
 17684 | Lair:3   | Reached XP level 13. HP: 61/72 MP: 16/28
 17880 | Lair:3   | Reached skill level 12 in Spellcasting
 17988 | Lair:3   | Got a blackened rapier
 19356 | Lair:4   | Reached skill level 13 in Spellcasting
 19789 | Lair:4   | Found a snail-covered altar of Cheibriados.
 20358 | Lair:4   | Noticed Rupert
 20530 | Lair:4   | Killed Rupert
 20530 | Lair:4   | Reached skill level 14 in Spellcasting
 21102 | Lair:4   | Identified the cursed +0 chain mail "Real" {+Blink MP+9
                  | Dex+2} (You found it on level 3 of the Lair of Beasts)
 21102 | Lair:4   | Identified the +8 rapier "Gafreoru" {pierce, rF- rC+ rN+
                  | Dex+4} (You found it on level 3 of the Lair of Beasts)
 21486 | Lair:5   | Offered knowledge of Fireball by Vehumet.
 21541 | Lair:5   | Gained mutation: Your large and strong wings let you fly
                  | indefinitely. [Gargoyle growth]
 21541 | Lair:5   | Reached XP level 14. HP: 78/78 MP: 23/32
 22180 | Lair:5   | Found a staircase to the Slime Pits.
 22348 | Lair:6   | Entered Level 6 of the Lair of Beasts
 22352 | Lair:6   | Reached skill level 15 in Spellcasting
 22812 | Lair:5   | Learned a level 5 spell: Fireball
 23334 | Lair:6   | Got a thick robe
 23345 | Lair:6   | Identified the cursed +0 robe of the Komodo Dragon {MR+
                  | Int+4 Stlth+} (You found it on level 6 of the Lair of
                  | Beasts)
 23840 | Lair:6   | Reached skill level 16 in Spellcasting
 23983 | Lair:6   | Offered knowledge of Yara's Violent Unravelling by Vehumet.
 24626 | Lair:6   | Noticed Sonja
 24627 | Lair:6   | Killed Sonja
 25299 | Orc:1    | Entered Level 1 of the Orcish Mines
 25524 | Orc:1    | Found a roughly hewn altar of Beogh.
 25586 | Orc:2    | Entered Level 2 of the Orcish Mines
 25587 | Orc:2    | Noticed a stone giant
 25706 | Orc:1    | Noticed Urug
 25712 | Orc:1    | Killed Urug
 25965 | Orc:2    | Found a staircase to the Elven Halls.
 26002 | Orc:2    | Killed a stone giant
 26002 | Orc:2    | Reached XP level 15. HP: 68/82 MP: 3/35
 26708 | Orc:2    | Reached skill level 5 in Dodging
 26723 | Orc:2    | Offered knowledge of Bolt of Magma by Vehumet.
 27025 | Orc:2    | Gained mutation: Your spells are easier to cast, but less
                  | powerful. [a neqoxec]
 27099 | Orc:2    | Noticed an orc warlord
 27391 | Orc:2    | Killed an orc warlord
 27646 | Orc:2    | Found Gagume's Weapon Emporium.
 27646 | Orc:2    | Found Nirit's Distillery.
 27701 | Orc:2    | Found a roughly hewn altar of Beogh.
 27797 | Orc:2    | Found Kaadaikh's Book Boutique.
 27797 | Orc:2    | Found Nookh's Food Emporium.
 27870 | Orc:2    | Bought a potion of resistance for 120 gold pieces
 27870 | Orc:2    | Bought a potion of invisibility for 96 gold pieces
 27870 | Orc:2    | Bought a potion of invisibility for 96 gold pieces
 27870 | Orc:2    | Bought a potion of cancellation for 96 gold pieces
 27870 | Orc:2    | Bought a potion of haste for 120 gold pieces
 27901 | Orc:2    | Bought a book of the Earth for 910 gold pieces
 27906 | Orc:2    | Learned a level 4 spell: Cause Fear
 28232 | D:11     | Reached skill level 17 in Spellcasting
 28312 | D:11     | Reached skill level 1 in Hexes
 28482 | D:12     | Got a polished hat
 30570 | D:13     | Reached ****** piety under Vehumet
 30717 | D:13     | Offered knowledge of Orb of Destruction by Vehumet.
 31401 | D:13     | Found a gate to the Vaults.
 31872 | D:13     | Reached XP level 16. HP: 87/87 MP: 29/37
 32214 | D:13     | Got a heavily jewelled robe
 32226 | D:13     | Identified the +0 hat "Hiddeocw" {rElec rCorr SInv} (You
                  | found it on level 12 of the Dungeon)
 32227 | D:13     | Identified the +4 robe "Giecurch" {+Blink rElec rPois rC++}
                  | (You found it on level 13 of the Dungeon)
 32409 | D:14     | Got a steaming war axe
 32410 | D:14     | Identified the +8 war axe of the Extremely Mad {venom, rC+
                  | MR+ Dex+2 Stlth-} (You found it on level 14 of the Dungeon)
 32582 | D:14     | Found Qefomali's Weapon Shop.
 33239 | D:14     | You fall through a shaft!
 33239 | D:15     | Entered Level 15 of the Dungeon
 33625 | D:15     | Reached skill level 10 in Dodging
 33733 | D:15     | Found a staircase to the Depths.
 33760 | D:15     | Offered knowledge of Bolt of Cold by Vehumet.
 33771 | D:15     | Learned a level 6 spell: Bolt of Cold
 33940 | D:15     | Found Ynyeps's Jewellery Emporium.
 33987 | D:15     | Found Natsuept's Antique Armour Boutique.
 33997 | D:15     | Bought a pair of runed gloves for 262 gold pieces
 34134 | D:15     | Noticed Agnes
 34137 | D:15     | Killed Agnes
 34137 | D:15     | Reached skill level 1 in Ice Magic
 34567 | D:15     | Found a runed translucent door.
 34573 | D:15     | Found a runed translucent door.
 34595 | D:15     | Found a runed translucent door.
 34606 | D:15     | Found a runed translucent door.
 34684 | D:15     | Found Dixis's Magic Scroll Emporium.
 34700 | D:15     | Bought a scroll of blinking for 97 gold pieces
 34700 | D:15     | Bought a scroll of magic mapping for 45 gold pieces
 34870 | D:15     | Learned a level 4 spell: Airstrike
 35762 | Swamp:1  | Entered Level 1 of the Swamp
 37576 | Swamp:2  | Found a shimmering altar of Xom.
 37636 | Swamp:2  | Noticed Jorgrun
 37642 | Swamp:2  | Killed Jorgrun
 37851 | Swamp:2  | Reached XP level 17. HP: 75/92 MP: 16/38
 38896 | Swamp:3  | HP: 4/92 [alligator[an alligator] (1)]
 39209 | Snake:1  | Entered Level 1 of the Snake Pit
 39584 | Snake:1  | Offered knowledge of Freezing Cloud by Vehumet.
 39632 | Snake:1  | Learned a level 6 spell: Freezing Cloud
 41246 | Snake:2  | Noticed Romunoh's ghost (adept SpAs)
 41412 | Snake:2  | Reached skill level 5 in Ice Magic
 41638 | Snake:2  | Found a transporter.
 41652 | Snake:2  | Found a transporter.
 42468 | Snake:3  | Offered knowledge of Lehudib's Crystal Spear by Vehumet.
 42468 | Snake:3  | Offered knowledge of Fire Storm by Vehumet.
 42468 | Snake:3  | Offered knowledge of Ignition by Vehumet.
 42913 | Snake:3  | Found Kum Kuod's Book Shoppe.
 42913 | Snake:3  | Found Vayschat's Jewellery Emporium.
 43589 | Snake:3  | Reached XP level 18. HP: 82/96 MP: 27/39
 43676 | Snake:3  | Noticed Vashnia
 43995 | Snake:3  | Found Kaitz's Antique Weapon Emporium.
 45159 | Snake:3  | Killed Vashnia
 45159 | Snake:3  | Reached skill level 18 in Spellcasting
 45278 | Snake:3  | Found Vauppaon's Antique Armour Boutique.
 45282 | Snake:3  | Bought an ichor-stained robe for 142 gold pieces
 45293 | Snake:3  | Identified the +1 robe "Oshemulle" {MR+ Str+4 SInv} (You
                  | bought it in a shop on level 3 of the Snake Pit)
 45533 | Snake:4  | Entered Level 4 of the Snake Pit
 48011 | Snake:4  | Got a serpentine rune of Zot
 49386 | Swamp:3  | Reached XP level 19. HP: 102/102 MP: 10/41
 50265 | Swamp:4  | Entered Level 4 of the Swamp
 50917 | Swamp:4  | Learned a level 3 spell: Regeneration
 51934 | Swamp:4  | Noticed the 27-headed Lernaean hydra
 53598 | Swamp:4  | Killed the 27-headed Lernaean hydra
 54049 | Swamp:4  | Got a decaying rune of Zot
 54565 | Snake:3  | Bought the ring of the Mage {Wiz MR++ Int+3} for 723 gold
                  | pieces
 54565 | Snake:3  | Found the ring of the Mage {Wiz MR++ Int+3}
 54811 | Lair:1   | Killed lapinsky's ghost
 55210 | D:15     | Learned a level 9 spell: Shatter
 55326 | Vaults:1 | Entered Level 1 of the Vaults
 55884 | Vaults:1 | Reached skill level 19 in Spellcasting
 56324 | D:13     | Learned a level 8 spell: Lehudib's Crystal Spear
 56494 | Vaults:1 | Found Eggocos's Gadget Shop.
 56813 | Vaults:1 | Found Gidarch's Magic Scroll Boutique.
 56813 | Vaults:1 | Found Kiorer's Assorted Antiques.
 56813 | Vaults:1 | Found Curr's Food Boutique.
 56902 | Vaults:1 | Reached XP level 20. HP: 114/114 MP: 31/43
 57725 | Vaults:2 | Reached skill level 5 in Evocations
 57968 | Vaults:2 | Found a staircase to the Crypt.
 58591 | Vaults:2 | Reached skill level 10 in Fighting
 59126 | Vaults:2 | Found Cuen's Gadget Shoppe.
 60161 | Vaults:3 | Reached skill level 1 in Fire Magic
 61232 | Vaults:3 | Reached skill level 5 in Fire Magic
 61638 | Vaults:3 | Reached XP level 21. HP: 123/126 MP: 32/44
 62277 | Vaults:3 | Got a smoking quarterstaff
 62278 | Vaults:3 | Identified the +5 quarterstaff of Nejioda {venom, rPois MR+
                  | Int+2} (You found it on level 3 of the Vaults)
 62622 | Vaults:3 | Found Nuesiet's Antique Weapon Shoppe.
 62661 | Vaults:3 | Reached skill level 20 in Spellcasting
 62835 | Vaults:3 | Found a hide-covered altar of Uskayaw.
 63427 | Vaults:4 | Identified the ring "Ozuc" {*Drain rPois MR+ Int+4}
 63622 | Vaults:4 | Noticed Mennas
 63795 | Crypt:1  | Entered Level 1 of the Crypt
 65620 | Crypt:1  | Reached skill level 10 in Fire Magic
 66062 | Crypt:2  | Got a pair of scorched boots
 66081 | Crypt:2  | Identified the +0 pair of boots of Sorcery {rPois rF+} (You
                  | acquired it on level 2 of the Crypt)
 67029 | Crypt:2  | Reached XP level 22. HP: 135/135 MP: 20/46
 67302 | Crypt:3  | Entered Level 3 of the Crypt
 68378 | Crypt:3  | Noticed a profane servitor
 68598 | Crypt:3  | Found a staircase to the Tomb.
 68603 | Crypt:3  | Got a warped hat
 68635 | Crypt:2  | Identified the +0 hat "Wohed" {Str+3 Dex+4} (You found it
                  | on level 3 of the Crypt)
 69121 | Crypt:3  | Learned a level 5 spell: Borgnjor's Vile Clutch
 69268 | Crypt:3  | Found a basalt altar of Yredelemnul.
 69275 | Crypt:3  | Found an ancient bone altar of Kikubaaqudgha.
 69360 | Crypt:3  | Found the +9 sword of Zonguldrok {reap}
 69363 | Crypt:3  | Found the +8 demon blade "Leech" {vamp, rN+ AC-3 EV-3}
 69497 | Crypt:3  | Got a twitching granite ring
 69499 | Crypt:3  | Identified the ring "Vorraer" {Fire rPois} (You found it on
                  | level 3 of the Crypt)
 69506 | Crypt:3  | Got a twitching platinum amulet
 69521 | Crypt:3  | Got a vibrating wooden ring
 69523 | Crypt:3  | Identified the amulet of the Scarab {Regen+ MP+9} (You
                  | found it on level 3 of the Crypt)
 69524 | Crypt:3  | Identified the ring "Xuskava" {+Fly rF+ rN+ Dex+4} (You
                  | found it on level 3 of the Crypt)
 70551 | Vaults:4 | Noticed Xtahua
 70793 | Vaults:4 | Killed Mennas
 71577 | Vaults:4 | Learned a level 8 spell: Ignition
 71807 | Vaults:4 | Killed Xtahua
 71941 | Vaults:5 | Entered Level 5 of the Vaults
 71943 | Vaults:5 | Reached XP level 23. HP: 143/143 MP: 47/47
 71943 | Vaults:5 | Reached skill level 21 in Spellcasting
 71954 | Vaults:5 | Noticed Mara
 71956 | Vaults:5 | Noticed Torikoriko's illusion
 72099 | Vaults:5 | Noticed Torikoriko's illusion
 72569 | Depths:1 | Entered Level 1 of the Depths
 72573 | Depths:1 | Reached skill level 1 in Charms
 72584 | Depths:1 | Found a one-way gate to the infinite horrors of the Abyss.
 72584 | Depths:1 | Noticed Louise
 72823 | Depths:1 | Reached skill level 1 in Air Magic
 72824 | Depths:1 | Reached skill level 15 in Fighting
 73174 | Depths:1 | Killed Louise
 73770 | Depths:1 | Found a one-way gate leading to the halls of Pandemonium.
 73946 | Depths:1 | Found a gateway to Hell.
 74115 | Depths:1 | Identified the Catalogue of Changing
 76047 | Depths:2 | Reached XP level 24. HP: 152/152 MP: 40/48
 76076 | Depths:2 | Found a gateway to a ziggurat.
 77354 | Depths:3 | Reached skill level 22 in Spellcasting
 77450 | Depths:2 | Learned a level 6 spell: Deflect Missiles
 77451 | Depths:2 | Upgraded the game from 0.23.0 to 0.23.0-2-g0fe3ce5
 77636 | Depths:3 | Identified the +6 spear of Kismet {freeze, rPois Int+4}
 77802 | Depths:3 | Noticed a caustic shrike
 77806 | Depths:3 | Noticed a caustic shrike
 77809 | Depths:2 | Killed a caustic shrike
 77974 | Depths:3 | Noticed a caustic shrike
 77974 | Depths:3 | Noticed a caustic shrike
 77975 | Depths:3 | Noticed a caustic shrike
 77981 | Depths:2 | Killed a caustic shrike
 78491 | Depths:3 | Killed a caustic shrike
 78508 | Depths:3 | Killed a caustic shrike
 78845 | Depths:3 | Got a transparent leather armour
 78856 | Depths:3 | Identified the cursed +0 leather armour of Boiling Hail
                  | {rPois rF+ MR+} (You found it on level 3 of the Depths)
 78881 | Depths:3 | Got a slimy long sword
 78882 | Depths:3 | Identified the +0 long sword of Yshriedo {holy, +Rage MR+
                  | Int+3 Dex+3} (You found it on level 3 of the Depths)
 78915 | Depths:3 | Killed a caustic shrike
 80371 | Depths:4 | Reached XP level 25. HP: 162/162 MP: 21/49
 81268 | Depths:4 | Identified the ring of the Griffon {rCorr Str+6}
 81278 | Depths:4 | Identified the ring "Fixkatie" {rElec MR+}
 81290 | Depths:4 | Reached skill level 15 in Fire Magic
 81325 | Depths:4 | Found a blossoming altar of Fedhas.
 81894 | Depths:4 | Found a runed translucent door.
 81894 | Depths:4 | Noticed a juggernaut
 82191 | Depths:5 | Entered Level 5 of the Depths
 82477 | Depths:5 | Reached skill level 10 in Evocations
 83542 | Depths:5 | Found a gate to the Realm of Zot.
 83552 | Depths:5 | Identified the ring of Zariexah {Fire Str+4 Int+2 Slay-5}
 84515 | Vaults:5 | Reached XP level 26. HP: 170/170 MP: 49/49
 84518 | Vaults:5 | Noticed an ancient lich
 84610 | Vaults:5 | Killed an ancient lich
 84610 | Vaults:5 | Reached skill level 23 in Spellcasting
 84615 | Vaults:5 | Noticed Torikoriko's illusion
 85363 | Vaults:1 | Bought a scroll of blinking for 247 gold pieces
 85373 | Vaults:1 | Bought a scroll of teleportation for 45 gold pieces
 85375 | Vaults:1 | Bought a scroll of acquirement for 780 gold pieces
 85379 | Vaults:1 | Got a heavily runed silver ring
 85381 | Vaults:1 | Identified the ring "Tose" {rElec Int+5} (You acquired it
                  | on level 1 of the Vaults)
 85620 | Vaults:5 | Noticed Torikoriko's illusion
 85620 | Vaults:5 | Noticed an ancient lich
 85851 | Vaults:5 | Noticed Torikoriko's illusion
 85852 | Vaults:5 | Killed an ancient lich
 85852 | Vaults:5 | Killed Mara
 85943 | Vaults:5 | Identified the ring of Miplerah {rPois rF+}
 86474 | Vaults:5 | Got a fine cloak
 86475 | Vaults:5 | Identified the cursed +0 cloak of Sovereignty {+Blink rC-
                  | Int+8} (You found it on level 5 of the Vaults)
 86546 | Vaults:5 | Identified the Compendium of the Mountains and the
                  | Volcanoes
 86768 | Vaults:5 | Got a bloodstained ring mail
 86769 | Vaults:5 | Identified the +0 ring mail "Qurchy" {-Cast rN+ rCorr
                  | Slay+2} (You found it on level 5 of the Vaults)
 87150 | Vaults:5 | Got a silver rune of Zot
 87580 | Tomb:1   | Entered Level 1 of the Tomb of the Ancients
 88718 | Tomb:1   | Noticed a greater mummy
 88721 | Tomb:1   | Noticed a greater mummy
 88744 | Tomb:1   | HP: 8/174 [emperor scorpion[a greater mummy] (9)]
 88767 | Tomb:1   | Killed a greater mummy
 88767 | Tomb:1   | Reached XP level 27. HP: 10/179 MP: 13/50
 89210 | Tomb:1   | Reached skill level 5 in Shields
 89667 | Tomb:1   | Noticed a greater mummy
 89689 | Tomb:1   | Killed a greater mummy
 89700 | Tomb:1   | Slain by a reaper

Skill      XL: |  1  2  3  4  5  6  7  8  9 10 11 12 13 14 15 16 17 18 19 20 21 22 23 24 25 26 27 |
---------------+----------------------------------------------------------------------------------+-----
Earth Magic    | 4 5 6 7 8 10 12 13 15 16 17 18 20 21 | 21.2
Shields        | 1 2 4 5 |  5.5
Spellcasting   | 3 4 5 6 8 9 11 14 16 17 18 19 20 21 22 23 | 23.7
Fighting       | 1 2 3 5 8 11 13 14 16 17 18 20 | 20.0
Poison Magic   | 5 7 |  7.1
Conjurations   | 7 |  7.0
Evocations     | 2 4 5 8 10 | 10.0
Dodging        | 4 8 10 11 12 | 12.0
Hexes          | 4 |  4.0
Ice Magic      | 2 6 |  6.3
Fire Magic     | 6 10 13 14 15 17 | 17.6
Charms         | 4 |  4.0
Air Magic      | 3 |  3.0
Stealth        | |  2.1
Transmutations | |  0.7

Action                   |  1- 3 |  4- 6 |  7- 9 | 10-12 | 13-15 | 16-18 | 19-21 | 22-24 | 25-27 || total
-------------------------+-------+-------+-------+-------+-------+-------+-------+-------+-------++-------
Melee: Dagger            |    99 |   111 |       |       |       |       |       |       |       ||   210
       Unarmed           |     7 |       |       |       |       |       |       |       |       ||     7
       Flail             |       |    69 |   129 |   126 |       |       |       |       |       ||   324
       Staff             |       |    14 |    18 |    53 |    31 |     3 |    40 |     5 |     6 ||   170
       Hand axe          |       |       |       |     6 |    76 |       |       |       |       ||    82
       War axe           |       |       |       |       |       |    14 |    68 |    42 |    73 ||   197
 Cast: Sandblast         |    19 |    56 |    99 |   179 |   147 |       |       |       |       ||   500
       Stone Arrow       |       |     6 |    59 |    17 |   209 |   132 |     4 |       |       ||   427
       Lee's Rapid Decon |       |       |    12 |    56 |   117 |   114 |   134 |    60 |    16 ||   509
       Olgreb's Toxic Ra |       |       |       |    38 |    72 |    17 |     5 |       |       ||   132
       Iron Shot         |       |       |       |    10 |   204 |   519 |   215 |       |       ||   948
       Petrify           |       |       |       |     1 |       |       |       |       |       ||     1
       Mephitic Cloud    |       |       |       |       |    16 |    10 |     4 |       |       ||    30
       Fireball          |       |       |       |       |    26 |    29 |     8 |     6 |     1 ||    70
       Cause Fear        |       |       |       |       |     1 |     5 |     4 |     2 |     4 ||    16
       Airstrike         |       |       |       |       |       |    52 |    26 |     4 |       ||    82
       Freezing Cloud    |       |       |       |       |       |    49 |    16 |     7 |       ||    72
       Bolt of Cold      |       |       |       |       |       |     4 |       |       |       ||     4
       Lehudib's Crystal |       |       |       |       |       |       |   278 |   329 |   222 ||   829
       Shatter           |       |       |       |       |       |       |    74 |   106 |    54 ||   234
       Regeneration      |       |       |       |       |       |       |     2 |     6 |    11 ||    19
       Borgnjor's Vile C |       |       |       |       |       |       |       |    26 |    59 ||    85
       Ignition          |       |       |       |       |       |       |       |    21 |     6 ||    27
       Deflect Missiles  |       |       |       |       |       |       |       |     1 |     6 ||     7
 Abil: Fly               |       |       |       |       |     1 |     1 |       |       |       ||     2
       Stop Flying       |       |       |       |       |     1 |     1 |       |       |       ||     2
Evoke: Staff of energy   |       |       |     4 |       |     1 |       |     6 |     6 |     2 ||    19
       Wand              |       |       |       |     1 |    12 |    21 |     1 |     5 |    20 ||    60
       Fan of gales      |       |       |       |       |       |     2 |     2 |     1 |       ||     5
       Phantom mirror    |       |       |       |       |       |     1 |       |       |       ||     1
       Phial of floods   |       |       |       |       |       |       |       |     1 |     1 ||     2
       Box of beasts     |       |       |       |       |       |       |       |       |     2 ||     2
  Use: Scroll            |       |    13 |     8 |    17 |     8 |     9 |     5 |    13 |     8 ||    81
       Potion            |       |     2 |       |       |     1 |     7 |     2 |     4 |    10 ||    26
 Stab: Sleeping          |     1 |     4 |       |     1 |       |       |       |       |       ||     6
       Distracted        |       |       |     2 |       |       |       |       |       |       ||     2
       Confused          |       |       |       |       |       |       |     1 |       |       ||     1
  Eat: Chunk             |     3 |    10 |     8 |    24 |    44 |    26 |    38 |    27 |    16 ||   196
       Ration            |       |       |     2 |     1 |       |     8 |     5 |     4 |     4 ||    24
Armor: Robe              |    37 |    60 |   103 |   148 |   264 |   188 |   155 |   187 |   212 ||  1354
Dodge: Dodged            |    37 |    88 |   193 |   220 |   389 |   378 |   277 |   295 |   313 ||  2190
       Deflected         |       |       |       |       |       |       |       |    10 |    55 ||    65
Block: Shield            |    47 |    78 |       |       |       |       |       |       |       ||   125
